 Dungeon Crawl Stone Soup version 0.22-a0-322-g60b3cfd (webtiles) character file.

15 Amnesiac the Gusty (level 2, 0/16 HPs)
             Began as a Tengu Air Elementalist on Apr 3, 2018.
             Slain by a jackal (2 damage)
             ... on level 1 of the Dungeon.
             The game lasted 00:00:42 (417 turns).

Amnesiac the Gusty (Tengu Air Elementalist)          Turns: 417, Time: 00:00:42

Health: 0/16       AC:  2    Str:  8    XL:     2   Next: 50%
Magic:  2/6        EV: 13    Int: 15    God:
Gold:   67         SH:  0    Dex: 14    Spells: 4/5 levels left

rFire    . . .     SeeInvis .   h - +2 short sword (freeze)
rCold    . . .     Gourm    .   (no shield)
rNeg     . . .     Faith    .   a - +0 robe
rPois    .         Spirit   .   (helmet restricted)
rElec    .         Reflect  .   (no cloak)
rCorr    .         Harm     .   (no gloves)
MR       .....                  (boots unavailable)
Stlth    ++........             (no amulet)
HPRegen  0.05/turn              (no ring)
MPRegen  0.10/turn              (no ring)

@: no status effects
A: beak, talons 3
a: no special abilities


You were on level 1 of the Dungeon.
You were not hungry.

You visited 1 branch of the dungeon, and saw 1 of its levels.

You collected 67 gold pieces.

Inventory:

Hand Weapons
 h - a +2 short sword of freezing (weapon)
Missiles
 e - 22 poisoned needles
Armour
 a - a +0 robe (worn)
Scrolls
 d - a scroll of identify {!r, unknown}
 g - a scroll of teleportation {!r, unknown}
 i - a scroll of magic mapping {!r, unknown}
 j - a scroll of immolation {!r, unknown}
Potions
 f - a potion of curing {!q, unknown}
Comestibles
 b - 6 chunks of flesh
 c - 4 rations


   Skills:
 + Level 0.3 Fighting
 * Level 2.3 Dodging
 - Level 2.0 Stealth
 + Level 2.2 Spellcasting
 - Level 1.3 Conjurations
 * Level 4.6 Air Magic


You had 4 spell levels left.
You knew the following spells:

 Your Spells              Type           Power        Failure   Level  Hunger
a - Shock                 Conj/Air       ##..         6%          1    #......


Dungeon Overview and Level Annotations

Branches:
Dungeon (1/15)

Altars:


Innate Abilities, Weirdness & Mutations

You have a beak for a mouth.
You have claws for feet.


Message History

The jackal barks!
You hear a bark! 2 jackals come into view.
There are monsters nearby!
The jackal moves out of view.
The jackal misses you.
You barely miss the jackal. You claw the jackal, but do no damage.
The jackal bites you but does no damage.
You hit the jackal. You freeze the jackal.
The jackal is moderately wounded.
The jackal misses you. The jackal barely misses you.
The jackal bites you but does no damage.
The jackal bites you.
You barely miss the jackal.
The jackal is moderately wounded.
The jackal closely misses you. The jackal bites you.
You hit the jackal but do no damage.
The jackal is moderately wounded.
The jackal misses you. The jackal bites you. x2
* * * LOW HITPOINT WARNING * * *
The jackal barely misses you. The jackal bites you.
* * * LOW HITPOINT WARNING * * *
The jackal barely misses you.
Casting: Shock (safe; 6% risk of failure)
Confirm with . or Enter, or press ? or * to list all spells.
Aiming: Shock (safe; 6% risk of failure)
Press: ? - help, Shift-Dir - straight line The zap hits the jackal.
You kill the jackal!
The jackal misses you.
Unknown command.
Casting: Shock (safe; 6% risk of failure)
Confirm with . or Enter, or press ? or * to list all spells.
Aiming: Shock (safe; 6% risk of failure)
Press: ? - help, Shift-Dir - straight line The zap hits the jackal.
The jackal is severely wounded.
The zap hits the jackal.
The jackal appears unharmed.
The jackal is severely wounded.
The jackal bites you but does no damage.
The jackal barely misses you.
Unknown command.
Casting: Shock (safe; 6% risk of failure)
Confirm with . or Enter, or press ? or * to list all spells.
Aiming: Shock (safe; 6% risk of failure)
Press: ? - help, Shift-Dir - straight line The zap hits the jackal.
You kill the jackal!
The jackal bites you.
* * * LOW HITPOINT WARNING * * *
Unknown command.
The jackal bites you.
* * * LOW HITPOINT WARNING * * *
The jackal bites you but does no damage.
The jackal bites you.
* * * LOW HITPOINT WARNING * * *
Casting: Shock (safe; 6% risk of failure)
Confirm with . or Enter, or press ? or * to list all spells.
Aiming: Shock (safe; 6% risk of failure)
Press: ? - help, Shift-Dir - straight line The zap hits the jackal.
The jackal is severely wounded.
The zap misses the jackal.
The jackal misses you. The jackal bites you.
You die...

#######.....#........ #.<#
............##.....# #.##
............##.....# #.#
..........### #...h###.#
#.##
..........#####...h....#
#...
.................#####(...
#.#. ....................#
. #.#.
....................# #.##
#####...........@h†.# #.#.
#...............# #.#.
#............#.## #.#.
#............#.# #.#.
#............#.# #.#.
#............#.# #.##
####............#.# #.#
#... #.[..#.......####.#
#. #.> ###. #....#.......#
#.###.##.### #.


You could see a jackal.

Vanquished Creatures
  A dart slug (D:1)
  A giant cockroach (D:1)
  3 goblins (D:1)
  2 hobgoblins (D:1)
  2 jackals (D:1)
  A frilled lizard (D:1)
  A rat (D:1)
11 creatures vanquished.

Notes
Turn   | Place    | Note
-------+----------+-------------------------------------------
     0 | D:1      | Amnesiac the Tengu Air Elementalist began the quest for the Orb.
     0 | D:1      | Reached XP level 1. HP: 10/10 MP: 4/4
   273 | D:1      | Reached XP level 2. HP: 12/15 MP: 6/6
   417 | D:1      | Slain by a jackal

Vault maps used:
D:1:      elethiomel_arrival_maze

Action                   || total
-------------------------++-------
Melee: Short sword       ||    14
       Unarmed           ||     1
       Kick              ||     2
 Cast: Shock             ||    12
 Stab: Sleeping          ||     1
Armor: Robe              ||     4
Dodge: Dodged            ||    18

Table legend:
 A = Spawn XP
 B = Non-spawn XP
 C = Spawn XP percentage of total XP
 D = Spawn monster count
 E = Non-spawn monster count
 F = Spawn count percentage of total count
 G = Total turns spent on level
                    A         B        C        D         E        F      G
               +---------+---------+-------+---------+---------+-------+---------
         Total |       0 |      22 |   0.0 |       0 |      11 |   0.0 |   417
               +---------+---------+-------+---------+---------+-------+---------
           D:1 |       0 |      22 |   0.0 |       0 |      11 |   0.0 |   417
               +---------+---------+-------+---------+---------+-------+---------
